 Dungeon Crawl Stone Soup version 0.28.0-45-g0d030f2227 (webtiles) character file.

Game seed: 2711404071906556668

60 CryoSword the Skirmisher (level 3, -1/31 HPs)
             Began as a Palentonga Fighter on Apr 21, 2022.
             Slain by a gnoll
             ... wielding a +0 spear
              (6 damage)
             ... on level 1 of the Dungeon.
             The game lasted 00:01:14 (1123 turns).

CryoSword the Skirmisher (Palentonga Fighter)       Turns: 1123, Time: 00:01:14

Health: -1/31      AC:  7    Str: 19    XL:     3   Next: 80%
Magic:  3/3        EV:  7    Int:  8    God:
Gold:   45         SH:  4    Dex: 11    Spells: 2/2 levels left

rFire   . . .      SeeInvis +   a - +0 war axe
rCold   . . .      Faith    .   c - +0 buckler
rNeg    . . .      Spirit   .   b - +0 scale mail
rPois   .          Reflect  .   (no helmet)
rElec   .          Harm     .   f - +0 cloak
rCorr   .          Rampage  .   (no gloves)
Will    .....                   (no barding)
Stlth   ..........              (no amulet)
HPRegen 0.10/turn               (no ring)
MPRegen 0.08/turn               (no ring)

@: lethally poisoned (-1 -> -5)
A: large, rugged brown scales 3, see invisible, deformed body, roll 1, armoured
tail
a: Rolling Charge


You were on level 1 of the Dungeon.
You visited 1 branch of the dungeon, and saw 2 of its levels.

You collected 45 gold pieces.

Inventory:

Hand Weapons
 a - a +0 war axe (weapon)
Armour
 b - a +0 scale mail (worn)
 c - a +0 buckler (worn)
 f - a +0 cloak (worn)
   (You found it on level 1 of the Dungeon)
Scrolls
 e - a scroll of fog {unknown}
 g - a scroll of enchant weapon {unknown}
 h - a scroll of silence {unknown}
 i - a scroll of enchant armour {unknown}
 j - a scroll of holy word {unknown}
Potions
 d - a potion of might


   Skills:
 + Level 3.4 Fighting
 * Level 3.0 Axes
 + Level 2.8 Armour
 + Level 2.8 Shields


You had 2 spell levels left.
You didn't know any spells.
Your spell library contained the following spells:

 Spells                   Type           Power      Damage    Failure   Level
 Foxfire                  Conj/Fire      0%         2x1d4     85%         1
 Conjure Flame            Conj/Fire      0%         6-21      99%         3
 Inner Flame              Hex/Fire       0%         N/A       99%         3
 Tukima's Dance           Hex            0%         N/A       99%         3
 Flame Wave               Conj/Fire      0%         2d4       100%        4
 Passage of Golubria      Tloc           0%         N/A       100%        4
 Yara's Violent Unravell  Hex/Tmut       0%         3d3       100%        5


Dungeon Overview and Level Annotations

Branches:
Dungeon (2/15)

Altars:


Innate Abilities, Weirdness & Mutations

You are completely covered in rugged brown scales. (AC +3, +7% HP)
You have supernaturally acute eyesight. (SInv)
Armour fits poorly on your strangely shaped body.
You can roll at nearby foes to attack.
You have a long armoured tail.


Message History

The hound bites you.
* * * LOW HITPOINT WARNING * * *
The hound bites you but does no damage. The hound bites you but does no damage.
You see here a +0 leather armour.
You hit the hound. The hound bites you but does no damage. The hound bites you.
* * * LOW HITPOINT WARNING * * *
You barely miss the hound. The hound barely misses you.
The hound closely misses you.
You barely miss the hound. You block the hound's attack.
The hound bites you but does no damage.
You miss the hound. You tail-slap the hound! You block the hound's attack.
The hound bites you but does no damage.
You barely miss the hound. The hound bites you but does no damage.
The hound barely misses you.
You closely miss the hound. The hound bites you but does no damage.
The hound barely misses you.
You barely miss the hound.
Your tail-slap misses the hound.
You block the hound's attack. The hound bites you but does no damage.
You hit the hound.
Your tail-slap misses the hound.
The hound bites you.
* * * LOW HITPOINT WARNING * * *
The hound bites you but does no damage.
You slash the hound!
You kill the hound!
You have reached level 3!
Your experience leads to an increase in your attributes!
Increase (S)trength, (I)ntelligence, or (D)exterity?
You feel agile. x2
There is a stone staircase leading down here.
You start resting.
You climb downwards.
There is a stone staircase leading up here.
The goblin hits you with a +0 dagger.
You slash the goblin!
You kill the goblin!
No target in view!
No target in view!
You now have 29 gold pieces (gained 14).
Found a hand axe.
A rat comes into view.
A rat is nearby!
You hit the rat.
You kill the rat!
No target in view!
You now have 40 gold pieces (gained 11).
Found a stone staircase leading up.
You now have 45 gold pieces (gained 5).
You pick up a book of Flames and begin reading...
You add the spells Foxfire, Conjure Flame, Inner Flame and Flame Wave to your library.
A bat comes into view.
A bat is nearby!
An adder comes into view.
The adder hisses angrily.
You hear a shout!
A gnoll comes into view. It is wielding a +0 flail.
A gnoll comes into view. It is wielding a +0 spear.
You miss the bat.
The bat hits you but does no damage. 2 gnolls come into view.
The gnoll shouts!
The bat hits you but does no damage.
An adder comes into view.
The gnoll moves out of view.
You closely miss the adder.
The adder hisses angrily.
The bat hits you but does no damage. The adder bites you.
The adder bites you but does no damage.
You closely miss the adder. The bat closely misses you.
The adder bites you but does no damage. The gnoll barely misses you.
The bat hits you but does no damage. The bat hits you but does no damage.
The adder bites you but does no damage. The bat hits you but does no damage.
The bat barely misses you. The bat hits you but does no damage.
The adder closely misses you.
You barely miss the bat. You hit the adder. The bat hits you.
The gnoll hits you from afar with a +0 spear.
The adder barely misses you. You block the adder's attack.
The bat hits you but does no damage. x2
The bat barely misses you. The gnoll hits you with a +0 flail.
The adder completely misses you. The adder closely misses you.
The bat hits you but does no damage. The bat hits you but does no damage.
The bat barely misses you.
You slash the bat!
You kill the bat!
You completely miss the adder. You block the adder's attack.
The adder bites you but does no damage.
There is a stone staircase leading up here.
The adder bites you.
You are poisoned.
The adder poisons you! The gnoll barely misses you.
You block the adder's attack.
You climb upwards.
You feel very sick.
There is a stone staircase leading down here.
You hit the adder.
You feel sick. The adder bites you.
You are more poisoned.
The adder poisons you! The adder bites you but does no damage.
You feel very sick.
You feel sick.
It was a potion of heal wounds.
You feel much better.
You feel sick. The adder closely misses you.
You slash the adder!
You kill the adder!
You feel sick.
Your Axes skill increases to level 3!
You feel sick.
You feel sick.
There is a stone staircase leading down here.
You start resting.
You feel sick. x2
You are no longer poisoned.
You start resting.
You climb downwards.
You block the adder's attack. The gnoll barely misses you.
The gnoll hits you with a +0 spear. The adder bites you but does no damage.
The gnoll hits you but does no damage. x2
There is a stone staircase leading up here.
The adder bites you but does no damage. The gnoll completely misses you.
The adder bites you but does no damage.
You climb upwards.
There is a stone staircase leading down here.
You miss the adder. You closely miss the gnoll. The gnoll misses you.
The adder bites you but does no damage. The gnoll hits you but does no damage.
You hit the adder. You completely miss the gnoll. The adder barely misses you.
The gnoll hits you with a +0 whip. The gnoll barely misses you.
The adder bites you but does no damage. The gnoll barely misses you.
You barely miss the adder. You hit the gnoll.
The adder bites you but does no damage. The gnoll hits you but does no damage.
The gnoll barely misses you. The adder barely misses you.
The gnoll hits you from afar with a +0 spear.
You closely miss the adder. You hit the gnoll but do no damage.
You block the adder's attack. The gnoll hits you with a +0 whip.
* * * LOW HITPOINT WARNING * * *
The gnoll barely misses you. The adder bites you but does no damage.
The gnoll hits you but does no damage.
You barely miss the adder. You barely miss the gnoll.
You block the adder's attack. The gnoll hits you but does no damage.
The gnoll hits you with a +0 whip.
* * * LOW HITPOINT WARNING * * *
The adder bites you but does no damage.
The gnoll hits you from afar with a +0 spear.
* * * LOW HITPOINT WARNING * * *
You barely miss the adder. You closely miss the gnoll. The adder bites you.
* * * LOW HITPOINT WARNING * * *
You are poisoned.
The adder poisons you! The gnoll hits you with a +0 whip.
* * * LOW HITPOINT WARNING * * *
The gnoll hits you but does no damage. The adder bites you but does no damage.
You completely miss the adder. You closely miss the gnoll.
* * * LOW HITPOINT WARNING * * *
You feel sick. The gnoll hits you but does no damage.
The gnoll hits you from afar with a +0 spear.
You die...

##...###......##.#........#
#...# #...##..#..#....#.#.
#...# #...#####...#....#..
#...###...#####....#..#.#.
#......(......#.....##...#
#...####.######.....#...#.
#...# #.g# #....#...#..
#...# ##S# ###.#.#...#.#.
#..## #@# #....#...#.<.#
#..# #g###.#.#.#.#.....
#..# #.#...##...#.....#
#..# #.#...#...#^#...#.
#..# #.....#.....##.#.#
#..# ##>...#....#..#...
#..# #.#..#...#....#.. #.##
#...##..#......#. #.#
######..###.#.........


You could see 2 gnolls and an adder.

Vanquished Creatures
  A hound (D:1)
  An adder (D:1)
  A dart slug (D:1)
  4 bats
  3 endoplasms (D:1)
  A hobgoblin (D:2)
  A quokka (D:1)
  A frilled lizard (D:1)
  3 goblins
  4 rats
20 creatures vanquished.

Notes
Turn   | Place    | Note
-------+----------+-------------------------------------------
     0 | D:1      | CryoSword the Palentonga Fighter began the quest for the
                  | Orb.
     0 | D:1      | Reached XP level 1. HP: 19/19 MP: 1/1
   282 | D:1      | Reached XP level 2. HP: 21/25 MP: 2/2
   734 | D:1      | Reached XP level 3. HP: 8/31 MP: 3/3
  1123 | D:1      | Slain by a gnoll

Illustrated notes

Levels and vault maps discovered:
D:1:      matt_arrival_diagonals, layout_rooms
D:2:      layout_rooms, basic_ecumenical_altar

Skill      XL: |  1  2  3 |
---------------+----------+-----
Axes           | 3 |  3.0
Fighting       | |  3.4
Armour         | |  2.8
Shields        | |  2.8

Action                   || total
-------------------------++-------
Melee: War axe           ||    73
       Tailslap          ||     3
  Use: Potion            ||     1
Armor: Scale mail        ||    85
Dodge: Dodged            ||    49
Block: Buckler           ||    22
